 Dungeon Crawl Stone Soup version 0.21.1-1-g345015f (webtiles) character file.

59 Fang the Skirmisher (level 4, 0/43 HPs)
             Began as a Gargoyle Berserker on May 3, 2018.
             Was a Believer of Trog.
             Slain by a sky beast (4 damage)
             ... on level 2 of the Dungeon.
             The game lasted 00:03:10 (1215 turns).

Fang the Skirmisher (Gargoyle Berserker)            Turns: 1215, Time: 00:03:10

Health: 0/43       AC:  5    Str: 27    XL:     4   Next: 3%
Magic:  4/4        EV: 12    Int:  7    God:    Trog [**....]
Gold:   46         SH:  0    Dex:  9    Spells: 3/3 levels left

rFire    . . .     SeeInvis .   a - +0 hand axe
rCold    . . .     Gourm    .   (no shield)
rNeg     + . .     Faith    .   b - +0 animal skin
rPois    ∞         Spirit   .   (no helmet)
rElec    +         Reflect  .   (no cloak)
rCorr    .         Harm     .   (no gloves)
MR       .....                  (no boots)
Stlth    ..........             (no amulet)
HPRegen  0.14/turn              (no ring)
MPRegen  0.09/turn              (no ring)

@: berserking, very quick
A: negative energy resistance 1, electricity resistance, unbreathing,
petrification resistance, rot immunity, AC +3
a: Berserk, Trog's Hand, Burn Spellbooks, Renounce Religion


You were on level 2 of the Dungeon.
You worshipped Trog.
Trog was pleased with you.
You were near starving.

You visited 1 branch of the dungeon, and saw 2 of its levels.

You collected 46 gold pieces.

Inventory:

Hand Weapons
 a - a +0 hand axe (weapon)
Armour
 b - a +0 animal skin (worn)
Scrolls
 f - a scroll of noise {unknown}
 g - a scroll of magic mapping {unknown}
 i - a scroll of fear {unknown}
 k - 3 scrolls of identify {unknown}
 l - a scroll of enchant weapon {unknown}
 m - a scroll of teleportation {unknown}
Potions
 d - a potion of flight {unknown}
 e - a potion of might {unknown}
 h - a potion of ambrosia {unknown}
 j - a potion of invisibility {unknown}
Comestibles
 c - 3 rations


   Skills:
 + Level 4.0 Fighting
 + Level 3.5 Axes
 + Level 2.3 Armour
 + Level 2.0 Dodging


You had 3 spell levels left.
You didn't know any spells.

Dungeon Overview and Level Annotations

Branches:
Dungeon (2/15)

Altars:
Dithmenos


Innate Abilities, Weirdness & Mutations

You are resistant to torment.
Your stone body is resilient. (AC +3)
You are immune to poison.
You resist negative energy. (rN+)
You are resistant to electric shocks. (rElec)
You can survive without breathing.
You are immune to petrification.
You are immune to rotting.


Message History

Something hits you but does no damage.
A red film seems to cover your vision as you go berserk!
You feel yourself moving faster!
You feel mighty!
You are near starving!
Something hits you.
* * * LOW HITPOINT WARNING * * *
Something shocks you. You resist.
* * * LOW HITPOINT WARNING * * *
You miss something. Something hits you.
* * * LOW HITPOINT WARNING * * *
Something shocks you. You resist.
* * * LOW HITPOINT WARNING * * *
You miss something. You miss something. Something hits you but does no damage.
You miss something. Something hits you but does no damage.
You closely miss something. Something hits you but does no damage.
You miss something. You miss something. Something hits you but does no damage.
You slash something! Something hits you.
You die...

####### #.......#
#### ........# .#
...# #.......##..
##.#####
#....)...#.#
.(.....#
#........#.#
.......#
#..........#
.(.....#
#.......†..#
.......# #..{@.!.#
†......# ####†...#
.......# +....#
.......#
#...##############
.......#
+....†............
###'####
#...##############
#.# #...# #.#
##### #.#


There were no monsters in sight!

Vanquished Creatures
  An adder (D:2)
  2 oozes (D:1)
  A dart slug (D:1)
  2 leopard geckos (D:2)
  A ball python (D:2)
  3 giant cockroaches
  3 goblins (D:1)
  4 hobgoblins (D:1)
  4 jackals (D:2)
  5 bats (D:1)
  A frilled lizard (D:1)
  4 kobolds
  5 rats (D:1)
36 creatures vanquished.

Notes
Turn   | Place    | Note
-------+----------+-------------------------------------------
     0 | D:1      | Fang the Gargoyle Berserker began the quest for the Orb.
     0 | D:1      | Reached XP level 1. HP: 14/14 MP: 1/1
    53 | D:1      | Reached XP level 2. HP: 16/19 MP: 2/2
   371 | D:1      | Reached XP level 3. HP: 24/24 MP: 3/3
   690 | D:1      | Reached ** piety under Trog
   913 | D:2      | Found a shadowy altar of Dithmenos.
  1049 | D:2      | Reached skill level 4 in Fighting
  1187 | D:2      | Noticed a sky beast
  1206 | D:2      | Reached XP level 4. HP: 7/29 MP: 4/4
  1215 | D:2      | Slain by a sky beast

Skill      XL: |  1  2  3 |
---------------+----------+-----
Axes           | 3 |  3.5
Fighting       | 4 |  4.0
Dodging        | 2 |  2.0
Armour         | |  2.3

Action                   |  1- 3 |  4- 6 || total
-------------------------+-------+-------++-------
Melee: Hand axe          |   116 |     8 ||   124
Invok: Berserk           |       |     1 ||     1
Armor: Animal skin       |    46 |     5 ||    51
Dodge: Dodged            |   107 |       ||   107
